Map: Emerald City LE

Players

ElCanjado

  • Race: Protoss Protoss
  • Spawn Location: 11:00

ChubHalf

  • Race: Terran Terran
  • Spawn Location: 11:00

OpuS

  • Race: Protoss Protoss
  • League: Platinum
  • Spawn Location: 5:00

Sketchaphone

  • Race: Zerg Zerg
  • League: Gold
  • Spawn Location: 5:00

VOD

Have the link to the VOD?

Description

Time

  • Played on: Jan. 24, 2019, 8:40 p.m.
  • Length: 12:22
Show
View Real Time Build Order
Export as new Build Order

ElCanjado Protoss 

Build Orders: 1 Gate Expand, Archon Immortal 

Get SALT Encoding   

  1  0:00  Probe  
  12  0:05  Probe  
  14  0:19  Pylon  
  14  0:22  Probe  
  15  0:37  Probe  
  15  0:40  Gateway  
  16  0:44  Assimilator  
  16  0:49  Probe  
  17  1:01  Probe  
  18  1:13  Probe  
  19  1:25  Probe  
  20  1:33  Nexus  
  20  1:37  Probe  
  21  1:47  Cybernetics Core  
  21  1:50  Probe  
  22  2:02  Probe  
  22  2:05  Pylon, Warp Gate  
  23  2:10  Assimilator  
  23  2:23  Zealot, Probe  
  26  2:35  Probe  
  26  2:44  Zealot  
  26  2:49  Gateway  
  26  2:50  Gateway  
  28  2:52  Probe  
  28  2:54  Probe  
  30  3:04  Pylon  
  30  3:06  Sentry, Probe  
  30  3:07  Probe  
  34  3:20  Probe x2  
  36  3:35  Probe  
  36  3:36  Probe  
  38  3:42  Pylon  
  38  3:50  Probe x2  
  38  3:51  Robotics Facility  
  38  3:54  Zealot x2  
  38  3:55  Sentry  
  46  4:03  Probe x2  
  48  4:13  Twilight Council  
  48  4:16  Probe x2, Gateway  
  50  4:20  Assimilator  
  50  4:24  Assimilator  
  50  4:25  Zealot  
  50  4:28  Zealot  
  50  4:30  Sentry  
  56  4:33  Probe x2  
  56  4:37  Charge  
  58  4:41  Observer  
  58  4:45  Probe x2  
  61  5:00  Forge  
  61  5:04  Probe  
  61  5:06  Pylon  
  62  5:19  Pylon  
  62  5:22  Pylon  
  62  5:24  Probe, Immortal  
  62  5:27  Probe  
  68  5:38  Pylon  
  68  5:40  Probe  
  68  5:41  Pylon  
  69  5:45  Zealot x3, Pylon  
  69  5:46  Zealot  
  77  5:52  Protoss Ground Weapons Level 1  
  77  5:58  Templar Archives  
  77  6:03  Immortal  
  81  6:15  Probe x2  
  83  6:23  Gateway  
  83  6:25  Gateway  
  83  6:27  Robotics Facility  
  83  6:43  Probe  
  83  6:44  Probe  
  85  6:53  Psionic Storm  
  85  6:55  Nexus, High Templar  
  85  6:56  High Templar x3  
  85  6:57  Pylon  
  85  7:00  Pylon  
  93  7:02  Pylon  
  72  7:36  Zealot  
  72  7:37  Zealot x3  
  74  7:38  Zealot x2  
  74  7:43  Immortal x2  
  90  7:58  Zealot  
  90  7:59  Zealot x2  
  90  8:00  Zealot  
  90  8:01  High Templar x2  
  90  8:05  Probe x2  
  103  8:07  Probe  
  105  8:26  Immortal  
  109  8:30  Immortal  
  109  8:31  Protoss Ground Weapons Level 2  
  113  8:37  Gateway x2  
  113  8:40  Gateway  
  113  8:56  High Templar  
  113  8:57  High Templar x2  
  113  8:58  High Templar  
  113  9:00  Zealot x2  
  125  9:04  Archon  
  125  9:05  Archon x2  
  125  9:14  Probe x3  
  128  9:23  Assimilator, Immortal x2  
  136  9:27  Assimilator  
  136  9:51  High Templar  
  136  9:52  High Templar  
  140  9:53  High Templar  
  140  9:55  Zealot x3  
  148  10:02  Pylon  
  148  10:05  Pylon  
  148  10:08  Pylon  
  148  10:10  Pylon  
  148  10:12  Pylon  
  126  10:37  Zealot x2  
  126  10:38  Zealot x3  
  126  10:39  Zealot x3  
  126  10:40  Zealot  
  134  10:56  Immortal x2  
  133  11:18  Probe x3  
  132  11:37  Nexus  
  132  11:38  Zealot x3  
  132  11:39  Zealot  
  140  11:40  Zealot x3  
  140  11:41  Zealot, Assimilator  
  140  11:42  Assimilator  
  140  11:43  Zealot  
  147  11:52  Probe x3  
  150  12:06  Probe x3  
Show
View Real Time Build Order
Export as new Build Order

ChubHalf Terran 

Build Orders: Liberator Opening 

Get SALT Encoding   

  12  0:01  SCV  
  13  0:13  SCV  
  14  0:18  Supply Depot  
  14  0:25  SCV  
  15  0:29  Refinery  
  15  0:40  SCV  
  16  0:46  Barracks  
  16  0:52  SCV  
  17  1:04  SCV  
  18  1:16  SCV  
  19  1:20  Refinery  
  19  1:32  Orbital Command  
  19  1:35  Marine, Factory  
  20  1:53  Marine  
  21  1:58  SCV  
  22  2:10  Supply Depot, SCV  
  23  2:16  Barracks Tech Lab  
  23  2:18  Factory Tech Lab  
  23  2:23  Supply Depot  
  23  2:31  Starport  
  23  2:32  SCV  
  24  2:39  Stimpack  
  24  2:46  Siege Tank  
  24  2:48  SCV  
  28  3:09  Marine  
  29  3:18  Siege Tank  
  32  3:20  Command Center  
  32  3:24  SCV  
  32  3:25  Liberator  
  33  3:37  Marine  
  33  3:39  SCV  
  35  3:48  Supply Depot  
  38  3:50  Engineering Bay  
  38  4:00  Marine  
  39  4:09  SCV  
  40  4:18  Marine  
  40  4:20  Siege Tank  
  40  4:21  SCV  
  40  4:23  Refinery  
  45  4:27  Refinery, Terran Infantry Weapons Level 1  
  45  4:30  Liberator  
  45  4:33  SCV  
  46  4:41  Marine  
  47  4:47  Barracks  
  50  4:55  SCV  
  50  4:59  Marine  
  52  5:02  SCV  
  52  5:03  Siege Tank  
  56  5:13  SCV  
  57  5:23  Marine, SCV  
  59  5:30  SCV  
  60  5:47  SCV x2  
  62  5:53  Supply Depot  
  62  5:55  Supply Depot x2  
  62  5:57  Liberator  
  62  6:14  Marine x2  
  62  6:15  SCV x2  
  69  6:27  SCV x2  
  69  6:32  Marine  
  72  6:41  Liberator  
  72  6:46  Marine, SCV x2  
  71  6:50  Barracks Reactor  
  72  6:56  Siege Tank  
  78  7:04  Marine  
  79  7:09  Command Center  
  67  7:24  Liberator  
  67  7:30  Marine x3  
  67  7:33  Siege Tank  
  70  8:02  Marine  
  70  8:03  Marine x2  
  70  8:05  Siege Tank  
  76  8:07  Liberator, Command Center  
  75  8:23  Marine x2  
  75  8:24  Marine  
  75  8:39  Siege Tank  
  75  8:41  Marine x2  
  62  9:07  Medivac  
  64  9:11  Siege Tank  
  64  9:13  Marine x3  
  70  9:18  Orbital Command  
  70  9:31  Marine  
  71  9:36  Medivac  
  71  9:37  SCV  
  74  9:41  Marine x2  
  74  9:43  Siege Tank  
  79  9:49  SCV  
  80  9:57  Marine  
  80  9:58  Marine  
  82  10:06  Medivac, Marine  
  85  10:15  Siege Tank  
  85  10:19  Marine x2  
  68  10:24  Marine  
  66  10:36  Medivac  
  66  10:37  Marine x2  
  70  10:44  Marine  
  70  10:48  Siege Tank  
  70  10:49  Liberator  
  74  11:04  Marine x2  
  74  11:05  Marine  
  74  11:10  Barracks  
  80  11:12  SCV x2  
  80  11:13  SCV  
  83  11:20  Siege Tank  
  76  11:40  Marine x3  
  75  11:49  Medivac, SCV  
  75  11:50  Factory, SCV x2  
  75  11:51  Factory  
  75  11:52  Refinery  
  75  11:53  Refinery  
  82  11:57  Marine  
  82  11:58  Marine x2  
  82  12:09  SCV x3  
Show
View Real Time Build Order
Export as new Build Order

OpuS Protoss 

Build Orders:  

Get SALT Encoding   

  12  0:01  Probe  
  13  0:13  Probe  
  14  0:17  Pylon  
  14  0:25  Probe  
  15  0:36  Gateway  
  15  0:45  Gateway  
  15  0:50  Probe  
  16  0:58  Probe  
  16  0:59  Assimilator  
  17  1:15  Probe  
  18  1:18  Pylon  
  18  1:23  Probe  
  18  1:24  Cybernetics Core  
  19  1:33  Probe  
  20  1:56  Gateway  
  20  2:06  Warp Gate  
  19  2:09  Adept x2  
  23  2:16  Probe  
  23  2:17  Forge  
  24  2:24  Probe  
  25  2:33  Probe  
  26  2:49  Pylon  
  26  2:55  Adept x2  
  26  2:58  Gateway  
  30  3:03  Probe  
  31  3:07  Adept  
  31  3:10  Photon Cannon  
  33  3:14  Assimilator  
  33  3:22  Pylon  
  33  3:46  Gateway  
  33  3:47  Gateway  
  33  3:50  Gateway  
  33  3:52  Pylon  
  33  4:02  Sentry x2  
  37  4:05  Zealot  
  37  4:09  Zealot  
  41  4:18  Pylon  
  39  4:40  Stalker x2  
  39  4:41  Stalker  
  45  4:53  Zealot x2  
  49  5:00  Zealot  
  51  5:07  Stalker  
  53  5:17  Stalker  
  53  5:19  Sentry  
  51  5:35  Probe  
  51  5:42  Zealot  
  51  5:43  Zealot, Probe  
  54  5:53  Probe  
  55  6:19  Probe  
  55  6:21  Nexus  
  56  6:27  Probe  
  57  6:48  Probe  
  57  6:50  Pylon  
  58  7:00  Probe  
  49  7:35  Probe x2  
  49  7:43  Twilight Council  
  49  7:47  Probe x2  
  41  7:59  Probe x2  
  41  8:02  Stalker x3  
  41  8:03  Stalker  
  51  8:11  Probe x2  
  53  8:17  Charge  
  53  8:23  Zealot, Probe x2  
  53  8:24  Zealot x2  
  61  8:34  Sentry x3  
  61  8:35  Probe x2  
  61  8:38  Sentry  
  71  8:45  Zealot x2  
  71  8:47  Probe  
  76  9:01  Zealot x4  
  82  9:04  Protoss Ground Armor Level 1  
  82  9:08  Assimilator  
  82  9:13  Assimilator  
  82  9:31  Robotics Facility  
  82  9:37  Zealot x2  
  86  9:43  Pylon  
  86  9:45  Pylon  
  86  9:47  Pylon  
  86  9:50  Pylon  
  86  10:02  Zealot x4  
  86  10:04  Zealot x2  
  86  10:06  Sentry  
  78  10:28  Zealot x5  
  60  10:29  Zealot  
  60  10:38  Zealot  
  58  10:46  Immortal  
  34  11:10  Zealot  
  34  11:11  Zealot x4  
  43  11:25  Zealot x2  
  41  11:40  Zealot  
  35  11:53  Zealot  
  30  12:16  Sentry x3  
Show
View Real Time Build Order
Export as new Build Order

Sketchaphone Zerg 

Build Orders: Hatch First 

Get SALT Encoding   

  12  0:01  Drone  
  13  0:13  Overlord  
  13  0:18  Drone  
  14  0:22  Extractor  
  14  0:23  Drone  
  15  0:31  Drone  
  16  0:36  Drone  
  17  0:52  Drone  
  18  0:58  Hatchery  
  18  1:00  Extractor  
  18  1:01  Drone  
  17  1:18  Spawning Pool  
  16  1:19  Drone  
  16  1:23  Drone  
  18  1:30  Drone  
  19  1:42  Drone  
  20  1:50  Overlord  
  20  2:07  Queen  
  22  2:10  Queen  
  22  2:13  Zergling x2  
  22  2:14  Zergling x2  
  26  2:18  Metabolic Boost  
  26  2:23  Overlord, Zergling x2  
  26  2:29  Zergling x2  
  28  2:35  Zergling x2  
  28  2:36  Zergling x2  
  30  2:57  Overlord  
  30  3:00  Hatchery  
  29  3:08  Overlord  
  29  3:11  Drone x2  
  29  3:12  Drone  
  32  3:23  Zergling x4  
  32  3:26  Drone  
  35  3:27  Baneling Nest  
  35  3:30  Zergling x2  
  34  3:42  Zergling x2  
  35  3:51  Evolution Chamber  
  35  3:52  Drone  
  35  3:53  Drone x2  
  37  3:59  Drone x2  
  39  4:06  Drone  
  39  4:09  Queen  
  42  4:16  Queen  
  44  4:46  Zerg Ground Armor Level 1  
  44  4:55  Queen x3  
  50  5:03  Zergling x6  
  50  5:04  Overlord, Zergling x2, Drone  
  50  5:05  Overlord  
  55  5:07  Drone  
  56  5:53  Pneumatized Carapace  
  56  5:55  Zergling x22  
  56  5:56  Zergling x12  
  73  6:13  Overlord x2  
  73  6:14  Overlord x2  
  73  6:20  Evolution Chamber  
  73  6:25  Drone  
  73  6:37  Hatchery  
  65  6:43  Baneling x9  
  62  6:57  Zerg Melee Weapons Level 1  
  62  6:58  Zergling x8  
  62  6:59  Zergling x4  
  52  7:25  Zergling x26  
  63  7:32  Lair  
  63  7:35  Drone  
  64  7:50  Baneling x2  
  64  8:10  Extractor  
  63  8:14  Extractor  
  50  8:42  Zergling x38  
  50  8:44  Drone x2  
  66  9:03  Zergling x2, Drone x3  
  67  9:13  Baneling x9  
  66  9:20  Overlord x2, Drone x2  
  67  9:59  Zergling x30  
  55  10:32  Zergling x18  
  53  10:43  Zergling x6  
  53  10:47  Centrifical Hooks  
  53  10:49  Spire  
  48  11:01  Zergling x4  
  45  11:10  Baneling  
  45  11:11  Baneling  
  40  11:18  Zergling x12  
  43  11:21  Baneling  
  43  11:22  Baneling  
  43  11:28  Zergling x2, Baneling  
  43  11:29  Baneling  
  43  11:41  Baneling x4  
  43  11:44  Zergling x6  
  43  11:46  Baneling x8  
  46  11:49  Zergling x2  
Tags
 
Add a new tag
Caveats
  • Supply blocks, unpowered buildings, or Contaminate may cause inaccurate times.
  • Supply counts are checked every 10 seconds.